 Dungeon Crawl Stone Soup version 0.29-a0-275-g389c0b56f3 (webtiles) character file.

Game seed: 17099971518143186496

89 Ordine the Carver (level 4, 0/32 HPs)
             Began as a Tengu Warper on Mar 9, 2022.
             Succumbed to an adder's poison
             ... on level 2 of the Dungeon.
             The game lasted 00:02:36 (1061 turns).

Ordine the Carver (Tengu Warper)                    Turns: 1061, Time: 00:02:37

Health: 0/32       AC:  3    Str: 11    XL:     4   Next: 55%
Magic:  8/8        EV: 12    Int: 13    God:
Gold:   42         SH:  0    Dex: 16    Spells: 5/7 levels left

rFire   . . .      SeeInvis .   a - +0 falchion
rCold   . . .      Faith    .   g - orb {light}
rNeg    . . .      Spirit   .   b - +0 leather armour
rPois   .          Reflect  .   (helmet restricted)
rElec   .          Harm     .   (no cloak)
rCorr   .          Rampage  .   (no gloves)
Will    .....                   (boots unavailable)
Stlth   +.........              (no amulet)
HPRegen 0.10/turn               e - ring of wizardry
MPRegen 0.11/turn               (no ring)

@: mighty, lethally poisoned (0 -> -2), glowing
A: beak, talons 3
a: no special abilities


You were on level 2 of the Dungeon.
You visited 1 branch of the dungeon, and saw 2 of its levels.

You collected 42 gold pieces.

Inventory:

Hand Weapons
 a - a +0 falchion (weapon)
Missiles
 d - 7 boomerangs of dispersal
Armour
 b - a +0 leather armour (worn)
 g - an orb of light (worn)
Jewellery
 e - a ring of wizardry (left hand)
Scrolls
 c - 2 scrolls of blinking
 j - 2 scrolls of identify {unknown}


   Skills:
 + Level 5.7 Fighting
 * Level 8.8 Long Blades
 + Level 5.4 Throwing
 - Level 1.1 Armour
 - Level 2.1 Dodging
 - Level 2.0 Spellcasting
 - Level 2.4 Translocations


You had 5 spell levels left.
You knew the following spells:

 Your Spells              Type           Power      Damage    Failure   Level
a - Blink                 Tloc           14%        N/A       8%          2

Your spell library contained the following spells:

 Spells                   Type           Power      Damage    Failure   Level
 Gell's Gravitas          Tloc           7%         N/A       16%         3
 Lesser Beckoning         Tloc           7%         N/A       16%         3
 Teleport Other           Tloc           7%         N/A       16%         3
 Stone Arrow              Conj/Erth      2%         3d7       36%         3
 Animate Armour           Summ/Erth      2%         N/A       75%         4
 Manifold Assault         Tloc           7%         N/A       77%         5
 Lehudib's Crystal Spear  Conj/Erth      0%         10d2      100%        8


Dungeon Overview and Level Annotations

Branches:
Dungeon (2/15)

Altars:


Innate Abilities, Weirdness & Mutations

You have a beak for a mouth.
You have claws for feet.


Message History

The adder is severely wounded.
The adder barely misses you. The adder bites you.
You are poisoned.
The adder poisons you!
You are too injured to fight recklessly!
You are too injured to fight recklessly!
You are too injured to fight recklessly!
You are too injured to fight recklessly!
You closely miss the adder.
The adder is severely wounded.
You feel sick. The adder bites you.
* * * LOW HITPOINT WARNING * * *
You are lethally poisoned!
The adder poisons you!
You closely miss the adder. You claw the adder.
The adder is almost dead.
* * * LOW HITPOINT WARNING * * *
You feel very sick. The adder closely misses you. x2
You hit the adder.
You kill the adder!
* * * LOW HITPOINT WARNING * * *
You feel sick.
It was a potion of experience.
You feel more experienced!
Your Fighting skill gained 3 levels and is now at level 5!
Your Long Blades skill gained 5 levels and is now at level 8!
Your Throwing skill gained 4 levels and is now at level 5!
You have reached level 4!
You feel agile.
* * * LOW HITPOINT WARNING * * *
You feel sick.
It was a potion of might.
You feel very mighty all of a sudden.
* * * LOW HITPOINT WARNING * * *
You feel sick.
As you read the scroll labelled BONIBIY NOAC, it crumbles to dust.
You assume a fearsome visage.
Nothing appears to happen.
It was a scroll of fear.
You die...

# ###....... #.
#.........
#.###........#
##............#
..............# ..
#............+
#.##............#
........#.@......#
...........##+###
..###.#..............
.....................
#.......##..##.#.....
........##..##.#.#.##
.................#.#
..................#.#
#
.....................


There were no monsters in sight!

Vanquished Creatures
  2 adders (D:2)
  2 bats (D:1)
  3 endoplasms (D:1)
  2 giant cockroaches (D:1)
  4 goblins (D:1)
  3 ball pythons (D:1)
  3 kobolds (D:1)
  5 rats (D:1)
24 creatures vanquished.

Vanquished Creatures (others)
  4 plants (D:1)
  2 withered plants (D:1)
6 creatures vanquished.

Grand Total: 30 creatures vanquished

Notes
Turn   | Place    | Note
-------+----------+-------------------------------------------
     0 | D:1      | Ordine the Tengu Warper began the quest for the Orb.
     0 | D:1      | Reached XP level 1. HP: 12/12 MP: 4/4
    58 | D:1      | Reached XP level 2. HP: 4/17 MP: 6/6
   314 | D:1      | Learned a level 2 spell: Blink
   662 | D:1      | Found a faded altar of an unknown god.
   681 | D:1      | Reached skill level 3 in Long Blades
   876 | D:1      | Reached XP level 3. HP: 22/22 MP: 7/7
  1059 | D:2      | Reached skill level 5 in Fighting
  1059 | D:2      | Reached skill level 8 in Long Blades
  1059 | D:2      | Reached skill level 5 in Throwing
  1059 | D:2      | Reached XP level 4. HP: 4/32 MP: 8/8
  1060 | D:2      | HP: 1/32 [poisoned by an adder]
  1061 | D:2      | Succumbed to an adder's poison

Illustrated notes

Levels and vault maps discovered:
D:1:      denvon_arrival_planthouse, layout_rooms,
          shapermc_ecumenical_altar_flowoftime
D:2:      layout_basic, serial_shops, nicolae_shop_statue_plus

Skill      XL: |  1  2  3 |
---------------+----------+-----
Long Blades    | 3 8 |  8.8
Fighting       | 5 |  5.7
Throwing       | 5 |  5.4
Armour         | |  1.1
Dodging        | |  2.1
Spellcasting   | |  2.0
Translocations | |  2.4

Action                   |  1- 3 |  4- 6 || total
-------------------------+-------+-------++-------
Melee: Falchion          |    77 |       ||    77
       Peck              |    16 |       ||    16
       Kick              |    27 |       ||    27
  Use: Potion            |     1 |     1 ||     2
       Scroll            |       |     1 ||     1
Armor: Leather armour    |    14 |       ||    14
Dodge: Dodged            |    35 |       ||    35

Table legend: (Time is in decaauts)
 A = Elapsed time spent in this place.
 B = Non-inter-level travel time spent in this place.
 C = Inter-level travel time spent in this place.
 D = Time resting spent in this place.
 E = Time spent auto-exploring this place.
 F = Levels seen in this place.
 G = Mean time per level.
                   A        B        C        D        E       F      G
               +--------+--------+--------+--------+--------+-----+--------+
         Total |   1072 |    950 |    122 |      0 |    773 |   2 |  536.0 |
       Dungeon |   1072 |    950 |    122 |      0 |    773 |   2 |  536.0 |
               +--------+--------+--------+--------+--------+-----+--------+

Top non-repeatable levels by time:
     D:1: 1018 daAuts
     D:2: 53 daAuts
